 Dungeon Crawl Stone Soup version 0.29-a0-451-gfbfa42419e (webtiles) character file.

Game seed: 1228816264065115699

3472 holysushi the Slicer (level 10, -10/66 HPs)
             Began as an Octopode Artificer on May 20, 2022.
             Was an Initiate of Gozag.
             Mangled by a wyvern (17 damage)
             ... on level 8 of the Dungeon.
             The game lasted 00:15:47 (10927 turns).

holysushi the Slicer (Octopode Artificer)          Turns: 10927, Time: 00:15:47

Health: -10/66     AC:  1    Str: 13    XL:     10   Next: 6%
Magic:  10/10      EV: 16    Int: 13    God:    Gozag
Gold:   276        SH:  0    Dex: 16    Spells: 9/9 levels left

rFire   . . .      SeeInvis .   m - +2 dagger (flame)
rCold   . . .      Faith    .   (no shield)
rNeg    + . .      Spirit   .   (helmet restricted)
rPois   .          Reflect  .   (no amulet)
rElec   .          Harm     .   b - ring of positive energy
rCorr   .          Rampage  .   w - ring of flight
Will    .....                   (no ring)
Stlth   ++++......              (no ring)
HPRegen 0.21/turn               (no ring)
MPRegen 0.12/turn               (no ring)
                                (no ring)
                                (no ring)

@: flying
A: almost no armour, amphibious, 8 rings, camouflage 1, gelatinous body 1,
(nimble swimmer 1), tentacles
a: Renounce Religion, Potion Petition, Call Merchant, Bribe Branch


You were on level 8 of the Dungeon.
You worshipped Gozag.
Gozag was aware of your devotion.
You visited 2 branches of the dungeon, and saw 9 of its levels.

You collected 929 gold pieces.
You spent 602 gold pieces at shops.
You paid 51 gold pieces to Gozag.

Inventory:

Hand Weapons
 k - a +0 short sword
 m - a +2 dagger of flaming (weapon)
 t - a +3 short sword
 z - a +0 dagger of speed
Jewellery
 b - a ring of positive energy (left tentacle)
 w - a ring of flight (right tentacle)
 D - a +6 ring of intelligence
Wands
 c - a wand of charming (14)
 d - a wand of iceblast (2)
 A - a wand of polymorph (5)
 K - a wand of mindburst (1)
Scrolls
 f - 5 scrolls of teleportation
 i - 3 scrolls of fear
 l - 2 scrolls of enchant armour
 r - 4 scrolls of magic mapping
 u - 3 scrolls of blinking {unknown}
 y - 4 scrolls of enchant weapon
 B - a scroll of vulnerability {unknown}
 C - a scroll of noise {unknown}
 E - a scroll of torment {unknown}
 F - a scroll of poison
 G - a scroll of immolation
 H - a scroll of fog {unknown}
 J - a scroll of amnesia {unknown}
Potions
 a - a potion of invisibility
 e - 3 potions of resistance
 g - 8 potions of haste
 h - 3 potions of curing
 j - a potion of lignification
 n - a potion of cancellation
 o - a potion of mutation
 p - 2 potions of magic
 q - 2 potions of heal wounds {unknown}
 s - a potion of degeneration {unknown}
 v - a potion of berserk rage {unknown}
 x - 5 potions of brilliance {unknown}
 I - a potion of might


   Skills:
 + Level 5.3 Fighting
 + Level 10.8 Short Blades
 * Level 6.3 Dodging
 + Level 4.9 Stealth
 + Level 4.0 Evocations


You had 9 spell levels left.
You didn't know any spells.
Your spell library contained the following spells:

 Spells                   Type           Power      Damage    Failure   Level
 Sting                    Tmut/Pois      0%         1d3       30%         1
 Poisonous Vapours        Pois/Air       0%         N/A       43%         2
 Gell's Gravitas          Tloc           0%         N/A       67%         3
 Inner Flame              Hex/Fire       0%         N/A       67%         3
 Lesser Beckoning         Tloc           0%         N/A       67%         3
 Teleport Other           Tloc           0%         N/A       67%         3
 Flame Wave               Conj/Fire      0%         2d4       97%         4
 Olgreb's Toxic Radiance  Pois           0%         N/A       97%         4
 Simulacrum               Ice/Necr       Unusable   N/A       N/A         6

Dungeon Overview and Level Annotations

Branches:
Dungeon (8/15)             Temple (1/1) D:5
   Lair: D:8-11

Altars:
Ashenzari
Cheibriados
Dithmenos
Elyvilon
Fedhas
Gozag
Hepliaklqana
Kikubaaqudgha
Makhleb
Nemelex Xobeh
Okawaru
Qazlal
Ru
Sif Muna
Trog
Uskayaw
Vehumet
Wu Jian
Xom
Yredelemnul
Zin
The Shining One

Shops:
D:1 ?   D:6 [?*   D:8 *

Annotations:
D:4 exclusion: downstairs


Innate Abilities, Weirdness & Mutations

You cannot wear most types of armour.
You are amphibious.
You can wear up to eight rings at the same time.
Your skin changes colour to match your surroundings (Stealth+).
Your rubbery body absorbs attacks. (AC +1, EV +1)
((You are camouflaged when in or above water. (Stealth+)))
You have tentacles for arms and can constrict up to eight enemies at once.


Message History

An orc wizard, 2 orc priests, an orc and a wyvern come into view.
You reach down and open the door.
There is an open door here.
Aiming: Iceblast
Press: ? - help, Shift-Dir - straight line The mass of ice explodes!
The iceblast engulfs the orc!!
You kill the orc!
The iceblast engulfs the orc priest!
The orc priest is severely wounded.
The orc priest shouts!
The iceblast engulfs the orc priest!
You kill the orc priest!
The orc warrior shouts!
The orc wizard shouts!
The wyvern is distracted by your dazzling golden aura.
The orc warrior is distracted by your dazzling golden aura.
The orc priest invokes the aid of Beogh against you.
Beogh smites you!
The wyvern hisses angrily.
Unknown command.
Aiming: Iceblast
Press: ? - help, Shift-Dir - straight line, f - orc priest
Aim: an orc priest, wielding a +0 club (severely wounded)
The mass of ice explodes!
The iceblast engulfs the orc priest!!
You kill the orc priest!
The iceblast engulfs the orc wizard!!
You kill the orc wizard!
The orc warrior shouts!
The wyvern is no longer distracted by gold.
The wyvern is distracted by your dazzling golden aura.
Your Evocations skill increases to level 4!
The wyvern is no longer distracted by gold.
The wyvern bites you! The wyvern attacks as you move away!
The wyvern bites you. The wyvern bites you!
The wyvern attacks as you move away! The wyvern bites you!
The wyvern attacks as you move away! The wyvern bites you!
* * * LOW HITPOINT WARNING * * *
The wyvern bites you!
You die...
Your body crumbles into a pile of gold.

#.♣...$#......# .......#......#
....$$.##.....#
..#....##.########
..#....'.........#
..#....###.#####.#### $
$..#................>#
#...######.l####..#.# $ #...#
##@## #..#.# #._.# #..# #..#.#
#...# ##.# #..#.# ###...# #.#
#..#.# #...#.# #.###..#.#
#.#.#.########..##..#.########
#.##.#.#...............#.........
#.##'#.#.#########..##.#########.
#.#.........#..#..........# #.


You could see a wyvern.

Vanquished Creatures
  Pikel (D:5)
  Maggie (D:6)
  Grinder (D:6)
  Menkaure (D:5)
  2 water moccasins
  2 orc warriors (D:6)
  A black bear (D:4)
  An ice beast (D:7)
  3 ogres
  2 centaurs
  A phantom (D:5)
  3 lemures (D:4)
  2 bullfrogs (D:8)
  2 scorpions
  4 necrophages
  3 wights (D:7)
  A howler monkey (D:3)
  3 jellies
  2 hounds
  3 orc priests
  Jessica (D:2)
  Terence (D:2)
  3 iguanas
  8 orc wizards
  4 adders
  2 white imps (D:5)
  2 ufetubi
  An adder zombie (D:3)
  3 adder skeletons (D:3)
  3 dart slugs (D:2)
  15 orcs
  6 ball pythons
  4 bats
  5 endoplasms
  A giant cockroach (D:4)
  5 goblins
  2 hobgoblins (D:2)
  3 jackals (D:1)
  2 kobolds
  2 quokkas
  A ball python zombie (D:3)
  A frilled lizard (D:1)
  3 rats
117 creatures vanquished.

Vanquished Creatures (collateral kills)
  2 orc wizards
  Robin (D:3)
  5 orcs (D:6)
  3 hobgoblins (D:3)
  A goblin (D:3)
12 creatures vanquished.

Vanquished Creatures (others)
  An orc wizard (D:5)
  5 goblins (D:3)
  A hobgoblin (D:3)
7 creatures vanquished.

Grand Total: 136 creatures vanquished

Notes
Turn   | Place    | Note
-------+----------+-------------------------------------------
     0 | D:1      | holysushi the Octopode Artificer began the quest for the
                  | Orb.
     0 | D:1      | Reached XP level 1. HP: 13/13 MP: 1/1
   390 | D:1      | Found a faded altar of an unknown god.
   452 | D:1      | Found Rudiem's Magic Scroll Shoppe.
   796 | D:1      | Reached XP level 2. HP: 15/19 MP: 2/2
  1239 | D:2      | Noticed Terence
  1247 | D:2      | Killed Terence
  1248 | D:2      | Reached XP level 3. HP: 19/26 MP: 3/3
  1458 | D:2      | Reached skill level 1 in Short Blades
  1540 | D:2      | Reached XP level 4. HP: 27/31 MP: 4/4
  1867 | D:2      | Reached skill level 2 in Short Blades
  1985 | D:2      | Noticed Jessica
  1993 | D:2      | Killed Jessica
  2407 | D:3      | Reached skill level 3 in Short Blades
  2407 | D:3      | Reached XP level 5. HP: 28/36 MP: 5/5
  2427 | D:3      | Noticed Robin
  2475 | D:3      | Killed Robin
  3178 | D:3      | Reached skill level 4 in Short Blades
  3233 | D:3      | Found an opulent altar of Gozag.
  3233 | D:3      | Found a glowing silver altar of Zin.
  3253 | D:3      | Became a worshipper of Gozag Ym Sagoz the Greedy
  3646 | D:1      | Bought a scroll of enchant armour for 82 gold pieces
  3646 | D:1      | Bought a scroll of identify for 22 gold pieces
  3646 | D:1      | Bought a scroll of identify for 22 gold pieces
  3712 | D:4      | Noticed an ogre
  3718 | D:4      | Killed an ogre
  3719 | D:4      | Reached skill level 5 in Short Blades
  3719 | D:4      | Reached XP level 6. HP: 42/42 MP: 6/6
  4628 | D:4      | Noticed a black bear
  4633 | D:4      | Killed a black bear
  4634 | D:4      | Reached skill level 6 in Short Blades
  4634 | D:4      | Reached XP level 7. HP: 46/46 MP: 7/7
  4659 | D:5      | Entered Level 5 of the Dungeon
  4668 | D:5      | Noticed Menkaure
  5107 | D:5      | Noticed Pikel
  5510 | D:5      | Killed Pikel
  5511 | D:5      | Reached skill level 7 in Short Blades
  5511 | D:5      | Reached XP level 8. HP: 43/52 MP: 8/8
  5599 | D:5      | Reached skill level 8 in Short Blades
  6153 | D:5      | Killed Menkaure
  6199 | D:5      | Reached skill level 9 in Short Blades
  6728 | D:5      | Found a staircase to the Ecumenical Temple.
  6741 | Temple   | Entered the Ecumenical Temple
  7354 | D:6      | Found Ufeer's Antique Armour Emporium.
  7364 | D:6      | Reached skill level 10 in Short Blades
  7585 | D:6      | Reached XP level 9. HP: 52/57 MP: 9/9
  7765 | D:6      | Found a snail-covered altar of Cheibriados.
  7903 | D:6      | Found Egaoxu's General Store.
  7906 | D:6      | Bought a potion of haste for 130 gold pieces
  7906 | D:6      | Bought a scroll of magic mapping for 45 gold pieces
  7910 | D:6      | Noticed Grinder
  7923 | D:6      | Killed Grinder
  8166 | D:6      | Found Riynta's Magic Scroll Shoppe.
  8171 | D:6      | Bought a scroll of teleportation for 33 gold pieces
  8171 | D:6      | Bought a scroll of enchant weapon for 82 gold pieces
  8171 | D:6      | Bought a scroll of poison for 38 gold pieces
  8171 | D:6      | Bought a scroll of immolation for 38 gold pieces
  8527 | D:6      | Noticed Maggie
  8554 | D:6      | Killed Maggie
  9009 | D:6      | Got Sif Muna's Compendium of Twisted Ignition
  9089 | D:7      | Reached skill level 5 in Dodging
  9589 | D:7      | Identified the +1 leather armour of Repulsion {Str+4}
  9819 | D:7      | Reached skill level 5 in Fighting
 10191 | D:8      | Found a shadowy altar of Dithmenos.
 10191 | D:8      | Found Geigg's General Store.
 10209 | D:8      | Bought a scroll of fear for 35 gold pieces
 10209 | D:8      | Bought a scroll of enchant weapon for 75 gold pieces
 10596 | D:8      | Reached XP level 10. HP: 39/66 MP: 10/10
 10927 | D:8      | Mangled by a wyvern

Illustrated notes

Levels and vault maps discovered:
D:1:      eino_arrival_cavern_a, layout_basic, serial_shops,
          nicolae_shop_statue_plus, shapermc_ecumenical_altar_mp_urbaneastern,
          feat_on_display
D:2:      layout_basic, minmay_tall_x, uniq_terence, uniq_jessica
D:3:      layout_loops_ring, grunt_temple_overflow_gold_and_silver,
          serial_undead, serial_undead_b, serial_undead_c, serial_undead_c,
          serial_undead_d, serial_undead_c, uniq_robin
D:4:      layout_basic
D:5:      layout_basic, minmay_temple_entry_waves, uniq_menkaure, uniq_pikel
D:6:      layout_loops_ring, chei_slow_surprise, serial_shops, kennysheep_mini,
          shop, nicolae_shop_crystal, uniq_maggie, uniq_grinder
D:7:      layout_cave_pools
D:8:      layout_basic, mainiacjoe_overflow_boulevard, serial_shops, shop,
          serial_bayou_pond_d
Temple:   hc_temple_tempest_star

Skill      XL: |  1  2  3  4  5  6  7  8  9 10 |
---------------+-------------------------------+-----
Fighting       | 2 3 5 |  5.3
Short Blades   | 1 3 5 6 7 10 | 10.8
Stealth        | 4 |  4.9
Dodging        | 6 |  6.3
Evocations     | 4 |  4.0

Action                   |  1- 3 |  4- 6 |  7- 9 | 10-12 || total
-------------------------+-------+-------+-------+-------++-------
Melee: Unarmed           |    27 |       |       |       ||    27
       Constrict         |    13 |    19 |    40 |     1 ||    73
       Tentacles         |     6 |    15 |    73 |       ||    94
       Short sword       |    13 |    12 |       |       ||    25
       Punch             |     2 |     2 |     7 |       ||    11
       Dagger            |       |    73 |   268 |     7 ||   348
Evoke: Wand              |     2 |    16 |    19 |     2 ||    39
  Use: Scroll            |       |     4 |     4 |       ||     8
 Stab: Sleeping          |     7 |     9 |     5 |     1 ||    22
       Distracted        |       |     1 |       |       ||     1
Armor: Skin              |     5 |     6 |     7 |     1 ||    19
Dodge: Dodged            |    25 |    57 |    97 |     3 ||   182

Table legend: (Time is in decaauts)
 A = Elapsed time spent in this place.
 B = Non-inter-level travel time spent in this place.
 C = Inter-level travel time spent in this place.
 D = Time resting spent in this place.
 E = Time spent auto-exploring this place.
 F = Levels seen in this place.
 G = Mean time per level.
                   A        B        C        D        E       F      G
               +--------+--------+--------+--------+--------+-----+--------+
         Total |  10787 |  10402 |    385 |   3701 |   5145 |   9 | 1198.6 |
       Dungeon |  10583 |  10212 |    371 |   3701 |   4971 |   8 | 1322.9 |
        Temple |    203 |    189 |     14 |      0 |    174 |   1 |  203.0 |
               +--------+--------+--------+--------+--------+-----+--------+

Top non-repeatable levels by time:
     D:4: 2135 daAuts
     D:6: 1922 daAuts
     D:2: 1453 daAuts
     D:3: 1264 daAuts
     D:5: 1258 daAuts
     D:7: 1023 daAuts
     D:1: 988 daAuts
     D:8: 537 daAuts
  Temple: 203 daAuts
